Match 41127452
Unlisted

Match 41127452
End
Construct Infanterie Kompanie
MG 42 Machine Gun Team
Grenadier Squad
Grenadier Squad
Construct Panzergrenadier Kompanie
GrW 34 Mortar Team
251 Medium Carrier
Panzergrenadier Squad
Pioneer Squad
Selects Mechanized Battlegroup
Selects Raid Package
Selects 8 Rad Armored Car
8 Rad Armored Car
MG 42 Machine Gun Team
Medical Station
Pak 40 Anti-tank Gun Team
Construct Panzer Kompanie
Construct Luftwaffe Kompanie
MG 42 Machine Gun Team
#realtalk17
churchmf
Macho Man
Pinhead Larry
ArmouredTopHat
[EPIC]SAGEKING
0
0

Comments sign in to comment!

No comments posted yet!